 Dungeon Crawl Stone Soup version 0.25-a0-589-g1e14c549ee (webtiles) character file.

Game seed: 2177177725359496783, levelgen mode: deterministic

545 An17 the Ruffian (level 7, 0/52 HPs)
             Began as a Red Draconian Transmuter on Mar 9, 2020.
             Slain by a scorpion (7 damage)
             ... on level 6 of the Dungeon.
             The game lasted 00:11:49 (3296 turns).

An17 the Ruffian (Red Draconian Transmuter)         Turns: 3296, Time: 00:11:50

Health: 0/52       AC:  6    Str: 14    XL:     7   Next: 6%
Magic:  10/11      EV: 13    Int: 14    God:
Gold:   228        SH:  0    Dex: 11    Spells: 2/12 levels left

rFire    + . .     SeeInvis .     - Unarmed
rCold    . . .     Gourm    .   (no shield)
rNeg     . . .     Faith    .   (armour unavailable)
rPois    .         Spirit   .   (helmet restricted)
rElec    .         Reflect  .   (no cloak)
rCorr    .         Harm     .   (no gloves)
MR       .....                  (no boots)
Stlth    +.........             (no amulet)
HPRegen  0.17/turn              (no ring)
MPRegen  0.12/turn              (no ring)

@: lethally poisoned (0 -> -6), appendage (expiring)
A: breathe fire, unfitting armour, horns 2, fire resistance 1, cold-blooded, AC
+6
a: Breathe Fire, End Transformation


You were on level 6 of the Dungeon.
You were not hungry.
You had grown temporary horns.
You visited 1 branch of the dungeon, and saw 6 of its levels.

You collected 228 gold pieces.

Inventory:

Hand Weapons
 k - a +0 dagger of flaming
Missiles
 a - 49 arrows
Wands
 b - a wand of digging (5)
Scrolls
 e - 3 scrolls of amnesia
 h - a scroll of identify
 i - a scroll of teleportation
Potions
 c - 2 potions of stabbing
 d - 2 potions of haste
 f - 4 potions of curing
Comestibles
 g - 3 rations


   Skills:
 + Level 1.5 Fighting
 + Level 3.6 Dodging
 + Level 6.0 Unarmed Combat
 + Level 3.0 Spellcasting
 + Level 3.2 Transmutations
 + Level 0.3 Poison Magic


You had 2 spell levels left.
You knew the following spells:

 Your Spells              Type           Power        Failure   Level  Hunger
a - Beastly Appendage     Tmut           ##....       6%          1    #......
b - Sticks to Snakes      Tmut           ##......     9%          2    ##.....
c - Spider Form           Tmut/Pois      #.........   30%         3    ###....
d - Ice Form              Ice/Tmut       #.......     73%         4    #####..

Your spell library contained the following spells:

 Spells                   Type           Power        Failure   Level  Hunger
 Corona                   Hex            #......      22%         1    #......
 Ensorcelled Hibernation  Hex/Ice        #.....       32%         2    ##.....
 Confusing Touch          Hex            #.......     54%         3    ###....
 Dazzling Flash           Conj/Hex       #.....       54%         3    ###....
 Tukima's Dance           Hex            #.......     54%         3    ###....
 Blade Hands              Tmut           ##........   85%         5    ######.


Dungeon Overview and Level Annotations

Branches:
Dungeon (7/15)
 Temple: D:4-7

Altars:
Ashenzari
Dithmenos
Hepliaklqana
Ru


Innate Abilities, Weirdness & Mutations

You can breathe blasts of fire.
Your fiery red scales are hard. (AC +6)
You cannot fit into any form of body armour.
Your flesh is heat resistant. (rF+)
You are cold-blooded and may be slowed by cold attacks.
You have a pair of horns on your head.


Message History

You grow a pair of large bovine horns.
The scorpion stings you.
* * * LOW HITPOINT WARNING * * *
You are poisoned.
The scorpion poisons you!
You closely miss the scorpion.
You feel sick. The scorpion stings you.
* * * LOW HITPOINT WARNING * * *
You barely miss the scorpion.
Your transformation is almost over.
* * * LOW HITPOINT WARNING * * *
You feel sick.
The scorpion stings you but does no damage.
You closely miss the scorpion.
* * * LOW HITPOINT WARNING * * *
You feel sick.
You hit the scorpion. Your headbutt misses the scorpion.
The scorpion is moderately wounded.
* * * LOW HITPOINT WARNING * * *
You feel sick. The scorpion stings you!
You die...

## ... ...# ....#
#############.....#
#..........@s..(..#
##.#########......###
#.# ......#.. .. #.#
.######.##.# #.# .#
###.##.# #.# ..
..#.##.# #.# ##
#.#)##.# #.# #.#.##(#
#.# #.#.##.#


You could see a scorpion.

Vanquished Creatures
  A phantom (D:4)
  An ice beast (D:6)
  A bullfrog (D:6)
  A centaur skeleton (D:4)
  An orc wizard (D:4)
  A bullfrog skeleton (D:4)
  An iguana (D:6)
  4 gnolls
  3 adders
  3 worms
  4 dart slugs
  7 leopard geckos
  10 orcs
  2 giant cockroaches
  13 goblins
  7 hobgoblins
  4 jackals
  7 kobolds
  A quokka (D:4)
  A ball python (D:1)
  10 bats
  8 frilled lizards
  12 rats
103 creatures vanquished.

Notes
Turn   | Place    | Note
-------+----------+-------------------------------------------
     0 | D:1      | An17 the Draconian Transmuter began the quest for the Orb.
     0 | D:1      | Reached XP level 1. HP: 16/16 MP: 3/3
   118 | D:1      | Reached XP level 2. HP: 6/23 MP: 3/5
   127 | D:1      | Learned a level 2 spell: Sticks to Snakes
   219 | D:1      | HP: 1/23 [dart slug/slug dart (3)]
   708 | D:1      | Reached XP level 3. HP: 21/28 MP: 4/6
   713 | D:1      | Learned a level 3 spell: Spider Form
  1391 | D:2      | Reached skill level 4 in Unarmed Combat
  1787 | D:2      | Reached XP level 4. HP: 35/35 MP: 5/7
  2417 | D:3      | Found a sacrificial altar of Ru.
  2429 | D:3      | Found a shattered altar of Ashenzari.
  2565 | D:3      | Reached XP level 5. HP: 25/40 MP: 6/8
  2818 | D:4      | Noticed a phantom
  2854 | D:4      | Killed a phantom
  2854 | D:4      | Reached skill level 5 in Unarmed Combat
  2854 | D:4      | Reached XP level 6. HP: 47/47 MP: 8/10
  2860 | D:4      | Learned a level 4 spell: Ice Form
  3050 | D:4      | Found a hazy altar of Hepliaklqana.
  3050 | D:4      | Found a shadowy altar of Dithmenos.
  3050 | D:4      | You fall into a shaft and drop 3 floors!
  3257 | D:6      | Noticed an ice beast
  3273 | D:6      | Killed an ice beast
  3273 | D:6      | Reached skill level 6 in Unarmed Combat
  3273 | D:6      | Your scales start taking on a fiery red colour.
  3273 | D:6      | Reached XP level 7. HP: 14/52 MP: 8/11
  3273 | D:6      | Gained mutation: Your flesh is heat resistant. (rF+) [Red
                  | Draconian growth]
  3296 | D:6      | Slain by a scorpion

Levels and vault maps discovered:
D:1:      arrival_zaba_pyramid, layout_basic, serial_forest,
          infiniplex_forest_clump_long, infiniplex_forest_straight_3,
          infiniplex_forest_lined_2, infiniplex_forest_straight_2,
          infiniplex_forest_clump_tiny, infiniplex_forest_3_way,
          infiniplex_forest_diagonal, infiniplex_forest_straight_3
D:2:      layout_loops_corners
D:3:      layout_rooms, overflow_temple_1_default, nicolae_ru_path_of_blood
D:4:      layout_loops_cross, gammafunk_temple_overflow_wave, first_ration,
          corexii_shack, makhleb_altar_promises_db
D:6:      layout_basic, good_gods_temple_1, grunt_gozag_statues,
          grunt_temple_overflow_open, tgw_sif
D:7:      layout_rooms, minmay_temple_entry_trees

Skill      XL: |  1  2  3  4  5  6 |
---------------+-------------------+-----
Dodging        | 2 3 |  3.6
Unarmed Combat | 4 5 6 |  6.0
Transmutations | 3 |  3.2
Spellcasting   | 3 |  3.0
Fighting       | |  1.5
Poison Magic   | |  0.3

Action                   |  1- 3 |  4- 6 |  7- 9 || total
-------------------------+-------+-------+-------++-------
Melee: Unarmed           |   131 |   229 |     4 ||   364
       Tailslap          |     9 |    19 |       ||    28
       Kick              |     8 |    14 |       ||    22
       Headbutt          |     1 |     6 |       ||     7
       Punch             |       |     2 |       ||     2
 Cast: Beastly Appendage |    17 |    15 |     1 ||    33
       Spider Form       |       |     5 |       ||     5
  Use: Scroll            |     9 |     2 |       ||    11
       Potion            |       |     3 |       ||     3
 Stab: Sleeping          |     1 |       |       ||     1
  Eat: Ration            |     1 |     1 |     1 ||     3
       Chunk             |     1 |       |       ||     1
Armor: Skin              |    35 |    67 |     1 ||   103
Dodge: Dodged            |    66 |   159 |       ||   225

Table legend:
 A = Non-vault XP
 B = Vault XP
 C = Vault XP percentage of total XP
 D = Non-vault monster count
 E = Vault monster count
 F = Vault count percentage of total count
                 A         B        C        D         E       F
            +---------+---------+-------+---------+---------+-------
      Total |     779 |       0 |   0.0 |     103 |       0 |   0.0
            +---------+---------+-------+---------+---------+-------
        D:1 |      67 |       0 |   0.0 |      27 |       0 |   0.0
        D:2 |      58 |       0 |   0.0 |      30 |       0 |   0.0
        D:3 |      73 |       0 |   0.0 |      26 |       0 |   0.0
        D:4 |     325 |       0 |   0.0 |      17 |       0 |   0.0
        D:6 |     256 |       0 |   0.0 |       3 |       0 |   0.0
            +---------+---------+-------+---------+---------+-------
